 Dungeon Sprint DCSS version 0.27.1-33-g824d729ab1 (webtiles) character file.

Game seed: 16372049835274855897

618 wilfster70 the Cleaver (level 7, -3/70 HPs)
             Began as a Minotaur Fighter on Dec 21, 2021.
             Was an Initiate of Gozag.
             Splashed by an acid dragon's acid (15 damage)
             ... in the Dungeon (Sprint IX: "|||||||||||||||||||||||||||||").
             The game lasted 00:01:32 (379 turns).

wilfster70 the Cleaver (Minotaur Fighter)            Turns: 379, Time: 00:01:33

Health: -3/70      AC:  5    Str: 25    XL:     7   Next: 21%
Magic:  6/6        EV:  7    Int:  9    God:    Gozag
Gold:   0          SH: 12    Dex:  9    Spells: 6/6 levels left

rFire    . . .     SeeInvis .   a - +1 broad axe (vorpal)
rCold    . . .     Faith    .   c - +0 kite shield
rNeg     . . .     Spirit   .   o - +1 chain mail
rPois    .         Reflect  .   (helmet restricted)
rElec    .         Harm     .   (no cloak)
rCorr    .         Rampage  .   m - +0 pair of gloves
Will     .....     NoTele   +   (no boots)
Stlth    ..........             (no amulet)
HPRegen  0.21/turn              p - +3 ring of intelligence
MPRegen  0.10/turn              n - +3 ring of strength

@: corroded, gold aura
A: horns 2, retaliatory headbutt
a: Renounce Religion, Potion Petition, Call Merchant, Bribe Branch


You were in the Dungeon.
You worshipped Gozag.
Gozag was noncommittal.
You visited 1 branch

Inventory:

Hand Weapons
 a - a +1 vorpal broad axe (weapon)
 b - a +2 rapier of draining
Armour
 c - a +0 kite shield (worn)
 m - a +0 pair of gloves (worn)
 o - a +1 chain mail (worn)
Jewellery
 n - a +3 ring of strength (right hand)
 p - a +3 ring of intelligence (left hand)
Wands
 l - a wand of iceblast (10)
Scrolls
 j - 2 scrolls of blinking
 k - 2 scrolls of amnesia
Potions
 d - a potion of might
 e - 5 potions of curing
 f - a potion of invisibility
 g - a potion of haste
 h - 4 potions of magic
 i - 2 potions of heal wounds


   Skills:
 + Level 9.2 Fighting
 * Level 11.8 Axes
 + Level 9.2 Armour
 + Level 9.2 Shields


You had 6 spell levels left.
You didn't know any spells.
Your spell library was empty.

Dungeon Overview and Level Annotations

Branches:
Dungeon (1/1)

Altars:
Cheibriados
Dithmenos
Elyvilon
Fedhas
Gozag
Hepliaklqana
Kikubaaqudgha
Makhleb
Nemelex Xobeh
Okawaru
Qazlal
Ru
Sif Muna
Trog
Uskayaw
Vehumet
Wu Jian
Xom
Yredelemnul
Zin
The Shining One
Beogh
Jiyva
Lugonu


Innate Abilities, Weirdness & Mutations

You have a pair of horns on your head.
You reflexively headbutt those who attack you in melee.


Message History

The centaur closely misses you.
There is an open door to the Dungeon, spattered with blood here.
Things that are here:
36 gold pieces; a +0 dagger; a +0 robe You barely miss the centaur.
You block the centaur's attack.
The centaur kicks you but does no damage.
You slice the centaur!!
You kill the centaur!
The acid dragon spits acid at you.
The splash of acid hits you but does no damage.
The acid corrodes you!
You are splashed with acid!
Something hits you but does no damage.
Your Fighting skill increases to level 9!
Your Armour skill increases to level 9!
Your Shields skill increases to level 9!
You hit something. Something hits you.
You barely miss something. Your headbutt misses something.
Something hits you but does no damage.
You slice something!!
Reactivating autopickup.
You feel a bit more experienced.
You completely miss the acid dragon. The acid dragon bites you!
You block the acid dragon's attack.
You hit the acid dragon but do no damage.
Your headbutt misses the acid dragon. You block the acid dragon's attack.
The acid dragon completely misses you.
You hit the acid dragon but do no damage.
You headbutt the acid dragon, but do no damage.
You block the acid dragon's attack. The acid dragon barely misses you.
You closely miss the acid dragon. The acid dragon spits acid at you.
The splash of acid hits you. The acid corrodes you!
You are splashed with acid!
You hit the acid dragon.
The acid dragon is moderately wounded.
The acid dragon spits acid at you. The splash of acid hits you!
* * * LOW HITPOINT WARNING * * *
You are splashed with acid!
You die...
Your body crumbles into a pile of gold. ▓▓▓▓▓▓▓▓▓▓▓▓▓▓▓▓▓▓▓▓▓▓▓▓ +...cDD@..[[..)..'______ ▓▓▓▓▓▓▓▓▓▓▓▓▓▓▓▓▓▓▓▓▓▓▓▓ $ $$$$$ $ $ $ $$$$$ $$$$$

You could see 2 acid dragons and a centaur.

Vanquished Creatures
  A kobold demonologist (D)
  A water moccasin (D)
  A sky beast (D)
  A centaur (D)
  A scorpion (D)
  An orc wizard (D)
  A gnoll (D)
  An adder (D)
  A hobgoblin (D)
  A jackal (D)
  3 ball pythons (D)
13 creatures vanquished.

Notes
Turn   | Place    | Note
-------+----------+-------------------------------------------
     0 | D        | wilfster70 the Minotaur Fighter began the quest for the
                  | Orb.
     0 | D        | Reached XP level 1. HP: 19/19 MP: 0/0
     7 | D        | Reached skill level 3 in Axes
    36 | D        | Noticed a scorpion
    36 | D        | Noticed a water moccasin
    36 | D        | Noticed a sky beast
    52 | D        | Killed a sky beast
    53 | D        | Reached skill level 5 in Fighting
    53 | D        | Reached skill level 7 in Axes
    53 | D        | Reached skill level 5 in Armour
    53 | D        | Reached skill level 5 in Shields
    53 | D        | Reached XP level 2. HP: 27/30 MP: 1/1
    53 | D        | Reached XP level 3. HP: 33/37 MP: 2/2
    53 | D        | Reached XP level 4. HP: 40/44 MP: 3/3
    56 | D        | Killed a water moccasin
    57 | D        | Reached skill level 9 in Axes
    57 | D        | Reached XP level 5. HP: 33/52 MP: 4/4
    60 | D        | Reached XP level 6. HP: 18/60 MP: 5/5
   297 | D        | Found a snail-covered altar of Cheibriados.
   297 | D        | Found a shadowy altar of Dithmenos.
   297 | D        | Found a white marble altar of Elyvilon.
   297 | D        | Found a blossoming altar of Fedhas.
   297 | D        | Found an opulent altar of Gozag.
   298 | D        | Found a hazy altar of Hepliaklqana.
   299 | D        | Found a viscous altar of Jiyva.
   300 | D        | Found an ancient bone altar of Kikubaaqudgha.
   301 | D        | Found a corrupted altar of Lugonu.
   302 | D        | Found a burning altar of Makhleb.
   303 | D        | Found a sparkling altar of Nemelex Xobeh.
   304 | D        | Found an iron altar of Okawaru.
   305 | D        | Became a worshipper of Gozag Ym Sagoz the Greedy
   306 | D        | Found a stormy altar of Qazlal.
   307 | D        | Found a sacrificial altar of Ru.
   308 | D        | Found a shimmering blue altar of Sif Muna.
   309 | D        | Found a bloodstained altar of Trog.
   310 | D        | Found a hide-covered altar of Uskayaw.
   311 | D        | Found a radiant altar of Vehumet.
   312 | D        | Found an ornate altar of the Wu Jian Council.
   313 | D        | Found a shimmering altar of Xom.
   314 | D        | Found a basalt altar of Yredelemnul.
   315 | D        | Found a glowing silver altar of Zin.
   316 | D        | Found a glowing golden altar of the Shining One.
   365 | D        | Noticed an acid dragon
   365 | D        | Noticed an acid dragon
   365 | D        | Noticed a kobold demonologist
   368 | D        | Killed a kobold demonologist
   369 | D        | Reached skill level 11 in Axes
   369 | D        | Reached XP level 7. HP: 69/69 MP: 6/6
   379 | D        | Splashed by an acid dragon's acid

Illustrated notes

Levels and vault maps discovered:
D:        linesprint [early_d, line_temple, items_1, d_10, items_2, lair_1,
          lair_end, items_3, orc_1, orc_end, items_4, d_15, swamp_1, shoals_1,
          snake_1, spider_1, d_20, vaults_1, items_5, swamp_end, shoals_end,
          snake_end, spider_end, vaults_end, d_27, items_6, zot_1, zot_end,
          crypt_end, forest_end, elf_end, slime_end, tomb_end, abyss_end,
          pan_hell_end]

Skill      XL: |  1  2  3  4  5  6  7 |
---------------+----------------------+-----
Axes           | 7 9 11 | 11.8
Fighting       | 5 7 8 9 |  9.2
Armour         | 5 7 8 9 |  9.2
Shields        | 5 7 8 9 |  9.2

Action                   |  1- 3 |  4- 6 |  7- 9 || total
-------------------------+-------+-------+-------++-------
Melee: War axe           |    20 |    10 |       ||    30
       Headbutt          |     3 |     1 |     1 ||     5
       Broad axe         |       |     3 |    10 ||    13
  Use: Potion            |     2 |       |       ||     2
Armor: Scale mail        |    12 |     1 |       ||    13
       Chain mail        |       |     1 |     6 ||     7
Dodge: Dodged            |     4 |     5 |     3 ||    12
Block: Kite shield       |     6 |     3 |     5 ||    14
